 Dungeon Crawl Stone Soup version 0.32-a0-975-g85d4e5bfdb (webtiles) character file.

Game seed: 2757610547245370842

347 Doorstop00 the Covered (level 6, -1/53 HPs)
             Began as a Minotaur Fighter on Apr 19, 2024.
             Killed from afar by Sigmund (4 damage)
             ... with a puff of flame
             ... on level 4 of the Dungeon.
             The game lasted 00:12:22 (2696 turns).

Doorstop00 the Covered (Minotaur Fighter)           Turns: 2696, Time: 00:12:23

Health: -1/53      AC: 10    Str: 26    XL:     6   Next: 33%
Magic:  5/5        EV:  8    Int:  7    God:
Gold:   236        SH:  4    Dex: 10    Spells: 5/5 levels left

rFire   . . .        a - +0 war axe
rCold   . . .        c - +0 buckler
rNeg    . . .        h - +0 chain mail
rPois   .            (helmet restricted)
rElec   .            (no cloak)
rCorr   .            (no gloves)
SInv    .            (no boots)
Will    .....        (no amulet) Stlth
                     q - +6 ring of strength
HPRegen 0.28/turn    (no ring)
MPRegen 0.09/turn

%: no passive effects
@: hasted, very quick
A: horns 2, retaliatory headbutt
a: no special abilities


You were on level 4 of the Dungeon.
You visited 1 branch of the dungeon, and saw 4 of its levels.

You collected 278 gold pieces.
You spent 42 gold pieces at shops.

Inventory:

Hand Weapons
 a - a +0 war axe (weapon)
Armour
 c - a +0 buckler (worn)
 h - a +0 chain mail (worn)
 l - a scarf of harm
Jewellery
 q - a +6 ring of strength (left hand)
Scrolls
 b - a scroll of summoning
 i - a scroll of poison {unknown}
 j - 2 scrolls of teleportation {unknown}
 m - a scroll of amnesia {unknown}
 o - a scroll of brand weapon {unknown}
Potions
 d - 2 potions of might
 f - a potion of mutation
 g - a potion of lignification
 k - a potion of enlightenment
 p - 2 potions of attraction


   Skills:
 * Level 4.4 Fighting
 * Level 4.7 Axes
 * Level 5.8 Armour
 * Level 2.2 Dodging
 + Level 0.1 Stealth
 * Level 4.6 Shields


You had 5 spell levels left.
You didn't know any spells.
Your spell library contained the following spells:

 Spells                   Type           Power      Damage    Failure   Level
 Blink                    Tloc           0%         N/A       98%         2
 Lesser Beckoning         Tloc           0%         N/A       98%         2
 Momentum Strike          Conj/Tloc      0%         3d8       98%         2


Dungeon Overview and Level Annotations

Branches:
Dungeon (4/15)
 Temple: D:4-7

Altars:
Xom

Shops:
D:3 =   D:4 !

Annotations:
D:4 Sigmund


Innate Abilities, Weirdness & Mutations

You have a pair of horns on your head.
You reflexively headbutt those who attack you in melee.


Message History

Sigmund points at you and mumbles some strange words.
You resist with some effort. Sigmund gestures at you while chanting.
The puff of flame misses you.
The ribbon worm expels a string of sticky webbing.
The stream of webbing hits you but does no damage.
You are caught in a web!
There is a web here.
The web tears apart.
Sigmund points at you and mumbles some strange words.
You resist with some effort.
You feel better.
The ribbon worm expels a string of sticky webbing.
The stream of webbing hits you but does no damage.
You are caught in a web!
You struggle to detach yourself from the web.
The web tears apart.
Sigmund casts a spell at you. The magic dart hits you!
* * * LOW HITPOINT WARNING * * *
The ribbon worm expels a string of sticky webbing.
The stream of webbing hits you but does no damage.
You are caught in a web!
The web tears apart.
The ribbon worm bites you.
* * * LOW HITPOINT WARNING * * *
You feel yourself speed up. Sigmund casts a spell at you.
The magic dart hits you.
* * * LOW HITPOINT WARNING * * *
The ribbon worm bites you.
* * * LOW HITPOINT WARNING * * *
As you read the scroll labelled DACHEFFEIR, it crumbles to dust.
Wisps of shadow whirl around you...
It was a scroll of summoning.
The ribbon worm bites you.
* * * LOW HITPOINT WARNING * * *
Your hobgoblin hits the ribbon worm.
Sigmund points at you and mumbles some strange words.
The puff of flame hits you.
You die...
Sigmund begins carving another notch in his scythe.

..............
.........#####
.........######+##
#####............#
#............#
#####............#
#
#...'............#
#####.#
#.###............#
######.....#
#.'........wg.@+
.......<####
#.#.......@....#
######.#....
#)#........g...+
#.#.###
#.#............#
#.#.# #
#.....#####+#+##
#.#.# #
#####.#####...
#.#.. #
###...........#
#.### #
....###.......# #.
# ........)###.##
#


You could see Sigmund, a ribbon worm (ally target), a friendly hobgoblin
(summoned) and a friendly goblin (summoned).

Vanquished Creatures
  A kobold brigand (D:4)
  2 hounds (D:4)
  Natasha (thrice) (D:2)
  3 gnolls (D:4)
  6 adders
  A ribbon worm (D:2)
  A dart slug (D:4)
  5 endoplasms
  4 giant cockroaches
  6 goblins
  7 hobgoblins
  2 quokkas
  7 ball pythons
  3 bats
  3 frilled lizards
  7 kobolds
  6 rats
67 creatures vanquished.

Notes
Turn   | Place    | Note
-------+----------+-------------------------------------------
     0 | D:1      | Doorstop00 the Minotaur Fighter began the quest for the
                  | Orb.
     0 | D:1      | Reached XP level 1. HP: 19/19 MP: 0/0
   262 | D:1      | Reached XP level 2. HP: 26/27 MP: 1/1
   351 | D:1      | Reached skill level 4 in Armour
  1079 | D:2      | Noticed Natasha
  1086 | D:2      | Killed Natasha
  1087 | D:2      | Reached XP level 3. HP: 23/33 MP: 2/2
  1135 | D:2      | Found a shimmering altar of Xom.
  1144 | D:2      | Noticed Natasha
  1152 | D:2      | Killed Natasha
  1153 | D:2      | Reached XP level 4. HP: 38/40 MP: 3/3
  1178 | D:2      | Reached skill level 5 in Armour
  1298 | D:2      | Noticed Natasha
  1307 | D:2      | Killed Natasha
  1308 | D:2      | Reached skill level 1 in Dodging
  1515 | D:2      | Reached XP level 5. HP: 46/46 MP: 4/4
  1791 | D:3      | Found Rookump's Jewellery Emporium.
  2394 | D:4      | Found Gamon's Distillery.
  2404 | D:4      | Bought a potion of curing for 42 gold pieces
  2530 | D:4      | Reached XP level 6. HP: 49/53 MP: 5/5
  2560 | D:4      | Noticed Sigmund
  2694 | D:4      | HP: 2/53 [ribbon worm (2)]
  2696 | D:4      | Killed from afar by Sigmund

Illustrated notes

Levels and vault maps discovered:
D:1:      nagdon_arrival_zigzag_paths, layout_basic,
          hangedman_abyss_or_decor_lesser_grid
D:2:      layout_rooms, basic_altar, minmay_split_cup_small, uniq_natasha
D:3:      layout_loops_cross, serial_shops, nicolae_shop_getting_attention
D:4:      layout_basic, kiku_gazebo_pond_becter, serial_shops, shop,
          uniq_sigmund

Skill      XL: |  1  2  3  4  5 |
---------------+----------------+-----
Armour         | 4 5 |  5.8
Shields        | 4 |  4.6
Fighting       | 4 |  4.4
Axes           | 3 4 |  4.7
Dodging        | 1 2 |  2.2
Stealth        | |  0.1

Action                     |  1- 3 |  4- 6 || total
---------------------------+-------+-------++-------
  Melee: War axe           |    48 |   148 ||   196
         Headbutt          |     5 |    18 ||    23
    Use: Scroll            |     1 |     5 ||     6
         Potion            |       |     2 ||     2
 Armour: Scale mail        |    22 |       ||    22
         Chain mail        |    21 |   151 ||   172
  Dodge: Dodged            |    24 |    45 ||    69
  Block: Buckler           |    11 |    25 ||    36

Table legend: (Time is in decaauts)
 A = Elapsed time spent in this place.
 B = Non-inter-level travel time spent in this place.
 C = Inter-level travel time spent in this place.
 D = Time resting spent in this place.
 E = Time spent auto-exploring this place.
 F = Levels seen in this place.
 G = Mean time per level.
                   A        B        C        D        E       F      G
               +--------+--------+--------+--------+--------+-----+--------+
         Total |   2771 |   2706 |     65 |    173 |   1831 |   4 |  692.8 |
       Dungeon |   2771 |   2706 |     65 |    173 |   1831 |   4 |  692.8 |
               +--------+--------+--------+--------+--------+-----+--------+

Top non-repeatable levels by time:
     D:1: 1059 daAuts
     D:2: 700 daAuts
     D:3: 575 daAuts
     D:4: 435 daAuts
